 Dungeon Crawl Stone Soup version 0.28.0-53-g5a82cb258f (webtiles) character file.

Game seed: 18096006968808685922

117091 Peloso the Peltast (level 16, -10/150 (154) HPs)
             Began as a Minotaur Fighter on Aug 12, 2022.
             Was the Champion of Okawaru.
             Mangled by a +0 scimitar of electrocution (11 damage)
             ... on level 1 of the Elven Halls.
             The game lasted 01:07:40 (25135 turns).

Peloso the Peltast (Minotaur Fighter)              Turns: 25135, Time: 01:07:42

HP:   -10/150 (154) AC: 25    Str: 39    XL:     16   Next: 22%
MP:   16/16         EV: 10    Int: 11    God:    Okawaru [******]
Gold: 2688          SH: 21    Dex: 13    Spells: 15/15 levels left

rFire   . . .      SeeInvis .   a - +6 long sword of Qeoxeytu {flame, *Noise Fragile rElec Will+ Str+10}
rCold   + . .      Faith    .   e - +1 tower shield {rC+}
rNeg    . . .      Spirit   .   x - +7 plate armour of Okawaru's Generosity {*Corrode rElec Will+++ Int+2}
rPois   .          Reflect  .   (helmet restricted)
rElec   +          Harm     .   y - +2 cloak {rCorr}
rCorr   +          Rampage  .   i - +2 pair of gloves {Stlth+}
Will    +++++                   I - +0 pair of boots
Stlth   ..........              t - amulet of regeneration
HPRegen 1.15/turn               o - ring "Weohuil" {Fly Str+3 Int+4}
MPRegen 0.15/turn               B - +4 ring of slaying

@: lethally poisoned (-10 -> -12), about to teleport, corroded, flying, studying
Ice Magic, lightly drained
A: horns 2, retaliatory headbutt
a: Renounce Religion, Heroism, Finesse, Duel


You were on level 1 of the Elven Halls.
You worshipped Okawaru.
Okawaru was exalted by your worship.
You visited 5 branches of the dungeon, and saw 25 of its levels.
You also visited: Ossuary and Ice Cave.

You collected 4097 gold pieces.
You spent 1409 gold pieces at shops.

Inventory:

Hand Weapons
 a - the +6 long sword of Qeoxeytu (weapon) {flame, *Noise Fragile rElec Will+ Str+10}
   (You found it on level 4 of the Dungeon)

   It burns those it strikes, dealing additional fire damage.
   Big, fiery blades are also staple armaments of hydra-hunters.
   Str:       It affects your strength (+10).
   rElec:     It insulates you from electricity.
   *Noise:    It may make noises in combat.
   Fragile:   It will be destroyed if unequipped.
   Will:      It increases your willpower.
 b - the +4 demon blade of Okawaru's Supremacy {flame, Stlth+}
   (Okawaru gifted it to you on level 2 of the Orcish Mines)

   It burns those it strikes, dealing additional fire damage.
   Big, fiery blades are also staple armaments of hydra-hunters.
   Stlth:     It makes you more stealthy.
 c - a +0 double sword of draining
Missiles
 M - 3 throwing nets (quivered)
Armour
 e - a +1 tower shield of cold resistance (worn)
 i - a +2 pair of gloves of stealth (worn)
 m - the +0 fire dragon scales "Seughau" {+Inv rF++ rC- Slay+4}
   (Okawaru gifted it to you on level 2 of the Lair of Beasts)

   Slay:      It affects your accuracy & damage with ranged weapons and melee
   (+4).
   rF:        It greatly protects you from fire.
   rC:        It makes you vulnerable to cold.
   +Inv:      It lets you turn invisible.
 x - the +7 plate armour of Okawaru's Generosity (worn) {*Corrode rElec Will+++ Int+2}
   (Okawaru gifted it to you on level 3 of the Lair of Beasts)

   Int:       It affects your intelligence (+2).
   rElec:     It insulates you from electricity.
   *Corrode:  It may corrode you when you take damage.
   Will:      It greatly increases your willpower.
 y - a +2 cloak of preservation (worn)
 I - a +0 pair of boots (worn)
Jewellery
 f - a ring of protection from cold
 j - a ring of see invisible
 o - the ring "Weohuil" (left hand) {Fly Str+3 Int+4}
   (You bought it in a shop on level 2 of the Orcish Mines)

   [ring of flight]

   Str:       It affects your strength (+3).
   Int:       It affects your intelligence (+4).
   Fly:       It grants you flight.
 r - a +6 ring of dexterity
 t - an amulet of regeneration (around neck)
 B - a +4 ring of slaying (right hand)
 F - an amulet of reflection
Wands
 q - a wand of flame (9)
 u - a wand of paralysis (4)
 z - a wand of acid (4)
 H - a wand of iceblast (4)
Scrolls
 g - 4 scrolls of amnesia
 p - 2 scrolls of teleportation
 s - a scroll of magic mapping
 C - a scroll of blinking
 E - 7 scrolls of fear
 J - 3 scrolls of immolation
 L - a scroll of enchant weapon
Potions
 d - 3 potions of might
 h - 6 potions of curing
 k - 4 potions of heal wounds
 l - 2 potions of mutation
 n - 7 potions of haste
 v - 4 potions of lignification
 w - 2 potions of resistance
 A - a potion of invisibility
 D - 5 potions of berserk rage
 K - a potion of magic
 P - 2 potions of cancellation {unknown}


   Skills:
 + Level 16.9 Fighting
 + Level 16.9 Long Blades
 + Level 0.1 Throwing
 + Level 16.1 Armour
 + Level 5.6 Dodging
 + Level 3.9 Stealth
 + Level 19.1 Shields
 + Level 2.4 Invocations
 + Level 2.8 Evocations


You had 15 spell levels left.
You didn't know any spells.
Your spell library contained the following spells:

 Spells                   Type           Power      Damage    Failure   Level
 Pain                     Necr           0%         1d4       96%         1
 Ensorcelled Hibernation  Hex/Ice        0%         N/A       99%         2
 Scorch                   Fire           0%         2d5       99%         2
 Sublimation of Blood     Necr           0%         N/A       99%         2
 Wereblood                Tmut           0%         N/A       99%         2
 Dazzling Flash           Conj/Hex       0%         N/A       100%        3
 Spider Form              Tmut/Pois      0%         N/A       100%        3
 Vampiric Draining        Necr           0%         2d6       100%        3
 Airstrike                Air            0%         N/A       100%        4
 Anguish                  Hex/Necr       0%         N/A       100%        4
 Flame Wave               Conj/Fire      0%         2d4       100%        4
 Agony                    Necr           0%         N/A       100%        5
 Lightning Bolt           Conj/Air       0%         1d11      100%        5
 Silence                  Hex/Air        0%         N/A       100%        5
 Animate Skeleton         Necr           Unusable   N/A       N/A         1
 Summon Lightning Spire   Summ/Air       Unusable   N/A       N/A         4
 Summon Cactus Giant      Summ           Unusable   N/A       N/A         6
 Summon Hydra             Summ           Unusable   N/A       N/A         7

Dungeon Overview and Level Annotations

Branches:
Dungeon (15/15)            Temple (1/1) D:6            Lair (6/6) D:11
 Shoals (0/4) Lair:3        Snake (0/4) Lair:2        Slime (0/5) Lair:6
    Orc (2/2) D:12            Elf (1/3) Orc:2        Vaults (0/5) D:14
 Depths (0/4) D:15        Ossuary (visited)           IceCv (visited)

Altars:
Ashenzari
Cheibriados
Dithmenos
Elyvilon
Fedhas
Gozag
Hepliaklqana
Kikubaaqudgha
Makhleb
Nemelex Xobeh
Okawaru
Qazlal
Ru
Sif Muna
Trog
Uskayaw
Vehumet
Wu Jian
Xom
Yredelemnul
Zin
The Shining One
Beogh

Shops:
D:9 (   Orc:2 (=!!

Annotations:
Lair:1 Casa


Innate Abilities, Weirdness & Mutations

You have a pair of horns on your head.
You reflexively headbutt those who attack you in melee.


Message History

You are covered in liquid flames!
You feel sick.
The +6 short sword of venom hits you but does no damage.
You are more poisoned.
You hear a twanging sound.
An arrow appears from out of thin air!
The arrow hits you but does no damage.
You block the +0 vorpal hand axe's attack.
You block the +3 short sword of draining's attack.
The deep elf zephyrmancer gestures at you while chanting.
The bolt of lightning hits the fire elemental.
The fire elemental resists.
The bolt of lightning hits the fire elemental!
The fire elemental resists.
The bolt of lightning hits you! You resist.
* * * LOW HITPOINT WARNING * * *
The deep elf elementalist is empowered by the deep elf high priest's aura!
The +2 trident of freezing barely misses you.
The deep elf zephyrmancer casts a spell.
The deep elf zephyrmancer blinks!
You hear some strange, mumbled words.
A shard of ice appears from out of thin air!
The shard of ice hits you!! You partially resist.
* * * LOW HITPOINT WARNING * * *
You block the +6 short sword of venom's attack.
The +0 scimitar of electrocution hits you but does no damage.
The fire elemental hits you. The fire elemental burns you!
* * * LOW HITPOINT WARNING * * *
You feel better.
You are covered in liquid flames!
* * * LOW HITPOINT WARNING * * *
The +3 short sword of draining hits you.
* * * LOW HITPOINT WARNING * * *
You feel drained.
* * * LOW HITPOINT WARNING * * *
You block the +0 vorpal hand axe's attack.
The +6 short sword of venom hits you.
* * * LOW HITPOINT WARNING * * *
You are lethally poisoned!
The +2 trident of freezing hits you but does no damage.
The +0 scimitar of electrocution hits you!
You die...

,*** *,*,,,,,**,,,,***,*,,,, ,,,*
*##.##,,,***,,,,,,,,,,,,, ,,,*
*.....**** ***,******,,,, ,,,*
****.#.#.#* *,* *,,,,
,,,***,,,$#.#.e#######+#* **>,,
,,,,,,,,∩$#.#....{......** *,,,
,,,,,,,,,$#.............,** ****
,,,,,,,**.#....e)((.....,,** **,
,,,,,****.#...≈(@(e.≈...,,,****,,
,,,,,,,,,.....§(EE>.....,,,+,,,,,
,,,,,****.....e>≈°°e.e..,,,****,,
,,,,,* *#...≈.≈e8°○.≈..,,,*****,
,***** **#..E§.E°≈≈>...e,,,,,,,,,
,* *,.......○≈>e°...*,****,** ,*
*,##...e°.E..°...*,*,,,,,, ,*
*,*#....ee≈...°..*,*,,,,,, ,*
*,,.....○.......#*,*,,,,,,


You could see a deep elf death mage (empowered), a deep elf elementalist (fast,
empowered, repels missiles), 2 deep elf archers, a deep elf high priest
(brilliance aura), an earth elemental, a water elemental, 2 deep elf
pyromancers, 5 deep elf zephyrmancers, 3 fire elementals and 5 dancing weapons.

Vanquished Creatures
  Jorgrun (D:12)
  Rupert (Orc:2)
  Frances (D:12)
  Kirke (D:12)
  A frost giant (IceCv)
  2 orc warlords (Orc:1)
  Nessos (D:12)
  An ettin (D:15)
  Josephine (D:11)
  3 boulder beetles
  Erolcha (Orc:2)
  A merfolk avatar (Lair:6)
  15 hydras
  2 ogre magi (Orc:2)
  4 centaur warriors
  2 dancing weapons (D:14)
  11 two-headed ogres
  A catoblepas (D:15)
  4 tengu warriors
  7 death yaks
  Urug (Orc:2)
  Sonja (D:12)
  2 wizards (D:15)
  A sea snake (Lair:6)
  2 deep elf zephyrmancers
  A harpy (Lair:6)
  2 deep elf pyromancers
  Pikel (D:7)
  A wolf spider (D:14)
  10 orc sorcerers
  A cyclops (D:14)
  A will-o-the-wisp (Lair:6)
  8 elephants
  21 ugly things
  3 manticores
  10 black mambas
  An ice statue (IceCv)
  4 torpor snails
  2 gargoyles
  Maggie (D:7)
  2 unseen horrors
  9 cane toads
  2 efreet
  11 komodo dragons
  6 rime drakes
  2 ice devils (Lair:2)
  A tengu conjurer (D:14)
  2 meliai (Lair:3)
  6 trolls
  12 polar bears
  17 blink frogs
  A hornet (Lair:6)
  2 queen bees
  6 slime creatures (D:12)
  A snapping turtle (Lair:6)
  17 dream sheep
  4 water elementals (D:14)
  A shadow (D:11)
  4 wyverns
  7 wraiths
  4 hogs (D:12)
  9 basilisks
  3 humans (D:12)
  33 yaks
  7 vampire mosquitoes
  3 steam dragons
  5 wargs
  Menkaure (Ossuary)
  An acid dragon (D:6)
  2 nagas (Lair:2)
  14 water moccasins
  Duvessa (D:6)
  25 orc warriors
  3 sky beasts
  2 ice beasts (D:6)
  A black bear (Lair:1)
  8 ogres
  3 necrophages
  18 centaurs
  44 wolves
  A lemure (D:7)
  15 bullfrogs
  A gnoll sergeant (D:8)
  2 scorpions (D:5)
  A wyvern zombie (D:8)
  A wyvern skeleton (D:5)
  A water moccasin zombie (D:6)
  Dowan (D:6)
  A water moccasin skeleton (D:5)
  53 killer bees
  An oklob sapling (D:6)
  6 howler monkeys
  4 electric eels (D:14)
  4 centaur zombies
  18 jellies
  2 hounds (D:6)
  A bullfrog zombie (D:7)
  2 gnoll shamans
  18 orc priests
  A centaur skeleton (D:6)
  2 iguanas (D:7)
  A bullfrog skeleton (D:6)
  40 orc wizards
  A hound skeleton (D:4)
  4 mummies
  2 howler monkey zombies
  5 adders
  18 gnolls
  2 ufetubi
  2 worms
  2 dart slugs (D:2)
  82 orcs
  4 endoplasms
  2 giant cockroaches
  6 goblins
  4 hobgoblins
  12 jackals
  7 kobolds
  6 quokkas
  6 ball pythons
  3 bats
  6 frilled lizards
  4 gnoll skeletons (Ossuary)
  2 gnoll zombies (Ossuary)
  8 goblin skeletons (Ossuary)
  2 goblin zombies (Ossuary)
  7 hobgoblin skeletons (Ossuary)
  5 hobgoblin zombies (Ossuary)
  2 kobold skeletons (Ossuary)
  3 kobold zombies (Ossuary)
  9 orc zombies (Ossuary)
  7 rats
  4 rat skeletons (Ossuary)
  4 rat zombies (Ossuary)
  3 bushes (Lair:3)
  2 butterflies (Lair:3)
848 creatures vanquished.

Vanquished Creatures (others)
  A wolf (IceCv)
  An orc wizard (Orc:2)
  12 foxfires (Lair:6)
  32 fungi
  72 plants
118 creatures vanquished.

Grand Total: 966 creatures vanquished

Notes
Turn   | Place    | Note
-------+----------+-------------------------------------------
     0 | D:1      | Peloso the Minotaur Fighter began the quest for the Orb.
     0 | D:1      | Reached XP level 1. HP: 19/19 MP: 0/0
    80 | D:1      | Reached XP level 2. HP: 11/27 MP: 1/1
   392 | D:1      | Reached skill level 4 in Shields
   524 | D:1      | Reached XP level 3. HP: 32/33 MP: 2/2
  1086 | D:1      | Found a faded altar of an unknown god.
  1369 | D:2      | Found a shimmering altar of Xom.
  1506 | D:2      | Reached XP level 4. HP: 37/41 MP: 3/3
  1664 | D:2      | Identified the +0 robe of Hadjma {-Tele SInv Archmagi}
  1798 | D:2      | Reached skill level 5 in Armour
  2291 | D:2      | Identified a scroll of acquirement
  2291 | D:2      | Acquired 1242 gold pieces
  2537 | D:3      | Found a blossoming altar of Fedhas.
  2561 | D:3      | Reached XP level 5. HP: 47/47 MP: 4/4
  3152 | D:4      | Found a sand-covered staircase.
  3167 | Ossuary  | Entered an ossuary
  3551 | Ossuary  | Noticed Menkaure
  3565 | Ossuary  | Killed Menkaure
  3566 | Ossuary  | Reached skill level 5 in Fighting
  3566 | Ossuary  | Reached skill level 5 in Long Blades
  3566 | Ossuary  | Reached XP level 6. HP: 31/56 MP: 5/5
  3916 | D:4      | Found a sparkling altar of Nemelex Xobeh.
  4611 | D:5      | Entered Level 5 of the Dungeon
  4611 | D:5      | Found a white marble altar of Elyvilon.
  4656 | D:5      | Found a shimmering altar of Xom.
  4688 | D:5      | Found a shadowy altar of Dithmenos.
  4695 | D:5      | Reached XP level 7. HP: 59/61 MP: 6/6
  4926 | D:5      | Found a hide-covered altar of Uskayaw.
  4926 | D:5      | Noticed a +0 hand axe
  4926 | D:5      | Noticed a +0 hand axe
  5201 | D:6      | Found a staircase to the Ecumenical Temple.
  5218 | D:6      | Reached skill level 1 in Dodging
  5218 | D:6      | Reached XP level 8. HP: 70/70 MP: 7/7
  5310 | D:6      | Noticed Duvessa
  5315 | D:6      | Reached skill level 5 in Shields
  5317 | D:6      | Noticed Dowan
  5321 | D:6      | Killed Duvessa
  5339 | D:6      | Killed Dowan
  5683 | D:6      | Reached skill level 1 in Stealth
  5876 | D:6      | Reached XP level 9. HP: 48/79 MP: 8/8
  6224 | Temple   | Entered the Ecumenical Temple
  6470 | D:7      | Found an ancient bone altar of Kikubaaqudgha.
  6560 | D:7      | Reached skill level 10 in Long Blades
  6577 | D:7      | Noticed Pikel
  6600 | D:7      | Killed Pikel
  6745 | D:7      | Noticed Maggie
  6789 | D:7      | Identified the +4 chain mail of Hepliaklqana's Favour {rN+
                  | Regen+ Int-5}
  6969 | D:7      | Killed Maggie
  7625 | D:8      | Reached XP level 10. HP: 56/88 MP: 9/9
  7638 | D:8      | Reached skill level 6 in Shields
  7964 | D:8      | Found an iron altar of Okawaru.
  7990 | D:8      | Became a worshipper of Warmaster Okawaru
  8333 | D:4      | Identified the +6 long sword of Qeoxeytu {flame, *Noise
                  | Fragile rElec Will+ Str+10}
  8481 | D:9      | Found a radiant altar of Vehumet.
  8593 | D:9      | Found Irach's Antique Weapon Emporium.
  8903 | D:10     | Entered Level 10 of the Dungeon
  8957 | D:10     | Noticed a two-headed ogre
  8966 | D:10     | Noticed a two-headed ogre
  8974 | D:10     | Killed a two-headed ogre
  8979 | D:10     | Killed a two-headed ogre
  8979 | D:10     | Reached * piety under Okawaru
  9102 | D:10     | You fall into a shaft and drop 2 floors!
  9102 | D:12     | Found an opulent altar of Gozag.
  9107 | D:12     | Reached skill level 7 in Shields
  9136 | D:12     | Noticed Nessos
  9147 | D:12     | Killed Nessos
  9155 | D:12     | Found a staircase to the Orcish Mines.
  9201 | D:12     | Noticed Sonja
  9206 | D:12     | Killed Sonja
  9206 | D:12     | Reached ** piety under Okawaru
  9207 | D:12     | Reached skill level 1 in Evocations
  9231 | D:12     | Noticed Jorgrun
  9231 | D:12     | Noticed a two-headed ogre
  9240 | D:12     | Noticed Josephine
  9240 | D:12     | Noticed a two-headed ogre
  9335 | D:11     | Found a staircase to the Lair.
  9347 | D:11     | Reached XP level 11. HP: 77/97 MP: 10/10
  9356 | D:11     | Reached skill level 10 in Armour
  9425 | D:11     | Reached skill level 8 in Shields
  9453 | D:11     | Noticed a two-headed ogre
  9460 | D:11     | Killed a two-headed ogre
  9460 | D:11     | Reached *** piety under Okawaru
  9489 | D:11     | Noticed a two-headed ogre
  9494 | D:11     | Killed a two-headed ogre
  9666 | D:11     | Noticed a two-headed ogre
  9679 | D:11     | Killed a two-headed ogre
  9679 | D:11     | Reached **** piety under Okawaru
  9775 | D:10     | Reached skill level 9 in Shields
  9834 | D:10     | Reached skill level 1 in Invocations
 10171 | D:10     | Identified the +3 leather armour "Zeceilu" {Str+4}
 10422 | D:11     | Noticed a two-headed ogre
 10428 | D:11     | Killed a two-headed ogre
 10428 | D:11     | Noticed a boulder beetle
 10442 | D:11     | Killed a boulder beetle
 10734 | D:11     | Identified the +4 ring mail of the Fiend {Will+}
 10765 | Lair:1   | Entered Level 1 of the Lair of Beasts
 10825 | Lair:1   | Reached skill level 10 in Fighting
 10838 | Lair:1   | Reached ***** piety under Okawaru
 10853 | Lair:1   | Reached XP level 12. HP: 103/106 MP: 11/11
 11982 | Lair:2   | Reached skill level 10 in Shields
 11994 | Lair:2   | Found a staircase to the Snake Pit.
 12282 | Lair:2   | Noticed an eight-headed hydra
 12292 | Lair:2   | Killed a five-headed hydra
 12301 | Lair:2   | Found a frozen archway.
 12323 | IceCv    | Entered an ice cave
 12522 | IceCv    | Received a gift from Okawaru
 12644 | IceCv    | Reached skill level 11 in Shields
 12647 | IceCv    | Reached skill level 5 in Dodging
 12818 | IceCv    | Noticed a death yak
 12839 | IceCv    | Killed a death yak
 12881 | IceCv    | Noticed a death yak
 12881 | IceCv    | Noticed a death yak
 12904 | IceCv    | Killed a death yak
 12909 | IceCv    | Killed a death yak
 13030 | IceCv    | Noticed a death yak
 13030 | IceCv    | Noticed a frost giant
 13030 | IceCv    | Noticed a death yak
 13030 | IceCv    | Noticed a death yak
 13040 | IceCv    | Killed a death yak
 13041 | IceCv    | Reached XP level 13. HP: 117/117 MP: 12/12
 13054 | IceCv    | Killed a frost giant
 13232 | IceCv    | Identified the +0 leather armour of the Tormentor {Dex+3}
 13519 | Lair:2   | Reached skill level 12 in Shields
 13539 | Lair:2   | Reached ****** piety under Okawaru
 13558 | Lair:2   | Identified the +0 fire dragon scales "Seughau" {+Inv rF++
                  | rC- Slay+4} (Okawaru gifted it to you on level 2 of the
                  | Lair of Beasts)
 13558 | Lair:2   | Received a gift from Okawaru
 13568 | Lair:2   | Reached skill level 15 in Long Blades
 14327 | Lair:3   | Found a staircase to the Shoals.
 14456 | Lair:3   | Reached skill level 13 in Shields
 14750 | Lair:3   | Found a hazy altar of Hepliaklqana.
 15021 | Lair:3   | Identified the +7 plate armour of Okawaru's Generosity
                  | {*Corrode rElec Will+++ Int+2} (Okawaru gifted it to you on
                  | level 3 of the Lair of Beasts)
 15021 | Lair:3   | Received a gift from Okawaru
 15243 | Lair:3   | Found a snail-covered altar of Cheibriados.
 15250 | Lair:3   | Reached XP level 14. HP: 130/130 MP: 13/13
 15350 | Lair:3   | Reached skill level 14 in Shields
 15996 | D:12     | Killed Jorgrun
 16063 | D:12     | Noticed Frances
 16246 | D:11     | Killed Josephine
 16636 | D:12     | Killed Frances
 16705 | D:12     | Noticed Kirke
 16740 | D:12     | Killed Kirke
 16741 | D:12     | Reached skill level 15 in Shields
 17055 | Orc:1    | Entered Level 1 of the Orcish Mines
 17173 | Orc:1    | Received a gift from Okawaru
 17488 | Orc:2    | Entered Level 2 of the Orcish Mines
 17495 | Orc:2    | Noticed Urug
 17511 | Orc:2    | Noticed an orc warlord
 17515 | Orc:2    | Killed Urug
 17530 | Orc:1    | Killed an orc warlord
 17891 | Orc:2    | Noticed an orc warlord
 17952 | Orc:1    | Killed an orc warlord
 18022 | Orc:2    | Reached skill level 16 in Shields
 18230 | Orc:2    | Noticed Rupert
 18237 | Orc:2    | Killed Rupert
 18237 | Orc:2    | Identified the +4 demon blade of Okawaru's Supremacy
                  | {flame, Stlth+} (Okawaru gifted it to you on level 2 of the
                  | Orcish Mines)
 18237 | Orc:2    | Received a gift from Okawaru
 18370 | Orc:2    | Found a staircase to the Elven Halls.
 18675 | Orc:2    | Found a radiant altar of Vehumet.
 18676 | Orc:2    | Noticed Erolcha
 18694 | Orc:2    | Killed Erolcha
 18703 | Orc:2    | Found Vaeh's Jewellery Shop.
 18733 | Orc:2    | Found an ancient bone altar of Kikubaaqudgha.
 18785 | Orc:2    | Reached skill level 15 in Fighting
 18786 | Orc:2    | Found Peeczoijo's Antique Weapon Shop.
 18789 | Orc:2    | Found Fim Feag's Distillery.
 18805 | Orc:2    | Found Sacaoqoo's Distillery.
 18835 | Orc:2    | Bought a glowing double sword for 486 gold pieces
 18856 | Orc:2    | Bought a potion of heal wounds for 60 gold pieces
 18856 | Orc:2    | Bought a potion of might for 48 gold pieces
 18865 | Orc:2    | Bought a potion of heal wounds for 85 gold pieces
 18865 | Orc:2    | Bought a potion of heal wounds for 85 gold pieces
 19415 | Orc:2    | Bought a potion of mutation for 136 gold pieces
 19435 | Orc:2    | Bought the ring "Weohuil" {Fly Str+3 Int+4} for 509 gold
                  | pieces
 19631 | D:13     | Reached XP level 15. HP: 139/140 MP: 15/15
 20008 | D:13     | Identified the +1 robe of Okawaru's Supremacy {-Cast Harm
                  | Dex+5} (Okawaru gifted it to you on level 13 of the
                  | Dungeon)
 20008 | D:13     | Received a gift from Okawaru
 20402 | Lair:4   | Reached skill level 17 in Shields
 20488 | Lair:4   | Reached skill level 15 in Armour
 21713 | Lair:6   | Entered Level 6 of the Lair of Beasts
 22147 | Lair:6   | Found a staircase to the Slime Pits.
 22201 | Lair:6   | Reached skill level 18 in Shields
 23316 | D:14     | Received a gift from Okawaru
 24042 | D:14     | Found a gate to the Vaults.
 24337 | D:15     | Entered Level 15 of the Dungeon
 24381 | D:15     | Reached XP level 16. HP: 152/152 MP: 16/16
 24476 | D:15     | Found a staircase to the Depths.
 24635 | D:15     | Found a shimmering blue altar of Sif Muna.
 24810 | D:15     | Reached skill level 19 in Shields
 25129 | Elf:1    | Entered Level 1 of the Elven Halls
 25134 | Elf:1    | HP: 4/152 [fire elemental (4)]
 25135 | Elf:1    | HP: 1/150 [+6 short sword of venom (3)]
 25135 | Elf:1    | Mangled by a +0 scimitar of electrocution

Illustrated notes

Levels and vault maps discovered:
D:1:      eino_arrival_cavern_a, layout_loops_corners,
          shapermc_ecumenical_altar_mp_urbaneastern, minmay_tall_x
D:2:      layout_loops_corners, basic_altar
D:3:      minmay_general_purpose_star, layout_basic,
          mainiacjoe_overflow_surrounded_room
D:4:      layout_loops_ring, lemuel_coloured_pillars_altar,
          gup_ossuary_entry_pyramid, item_on_display_a
D:5:      layout_basic, xom_butterflies, elyvilon_altar_4,
          overflow_temple_1_default, dancing_weapons_uskayaw
D:6:      layout_loops_ring, minmay_temple_entry_oklob, lemuel_old_faithful,
          uniq_duvessa
D:7:      layout_loops_corners, mainiacjoe_overflow_six_doors_small,
          grunt_ministairs_10, uniq_pikel, uniq_maggie, uniq_menkaure
D:8:      nicolae_cairo_tiling_large_dashed, layout_gridville,
          mainiacjoe_overflow_24_doors
D:9:      layout_roguey, mainiacjoe_overflow_brackets, serial_shops,
          nicolae_stop_n_shop_1
D:10:     layout_roguey, special_room [special_room_bee]
D:11:     layout_basic, erik_lair_orcish_takeover
D:12:     layout_cave_pools, orc_0_dummy, nicolae_gozag_seed_capital,
          uniq_josephine, uniq_kirke, uniq_jorgrun, uniq_nessos, uniq_sonja,
          uniq_frances
D:13:     layout_loops_ring
D:14:     layout_basic, erik_vaults_1, infiniplex_staircase_pillars_3b
D:15:     hangedman_depths_entry_civil_slaughter, layout_loops_ring,
          nicolae_sif_muna_condensation
Temple:   cyrus_circular_temple
Lair:1:   layout_hall_layers, grunt_forest_large_clearings
Lair:2:   nzn_winding_woodlands_stair_cross [nzn_winding_woodlands_5x15_crooked,
          nzn_winding_woodlands_center_garden, nzn_winding_woodlands_5x15_cabin,
          nzn_winding_woodlands_5x5_open_star, nzn_winding_woodlands_5x5_cross,
          nzn_winding_woodlands_5x15_jagged, nzn_winding_woodlands_center_lodge,
          nzn_winding_woodlands_5x15_split_checker], layout_long_grid,
          guppyfry_snake_entry_garden, portal_ice_cave_demonic_guard,
          infiniplex_staircase_pool
Lair:3:   regret_index_combs_of_tragedy, layout_big_grid,
          minmay_shoals_entry_centaurs, basic_altar, st_stairs_9,
          minmay_hedge_maze, grunt_forest_stairs_basic, kennysheep_snail_temple,
          lemuel_fruit_fields
Lair:4:   layout_gridlike, bh_autumn_forest_stairs, st_stairs_9
Lair:5:   layout_hall_layers, grunt_megastairs_3
Lair:6:   gammafunk_lair_ancient_temple, layout_loops_ring,
          minmay_slime_entry_jelly_boxes, pond, infiniplex_staircase_pool_2,
          lemuel_fruit_tree
Orc:1:    layout_caves
Orc:2:    kennysheep_orc_mage_school, layout_diamond_mine, uniq_erolcha,
          uniq_urug, uniq_rupert
Elf:1:    eino_elf_arrival_altar, layout_loops_corners, serial_shops,
          shop_coins, portal_desolation_entry_nicolae_slug, basic_altar,
          minivault_28, evilmike_ambush [evilmike_ambush_outer_basic,
          evilmike_ambush_inner_pond]

Skill      XL: |  1  2  3  4  5  6  7  8  9 10 11 12 13 14 15 16 |
---------------+-------------------------------------------------+-----
Fighting       | 4 5 6 7 8 9 10 11 13 15 16 | 16.9
Armour         | 4 5 6 7 8 9 11 13 14 15 16 | 16.1
Shields        | 4 5 7 9 11 13 16 18 19 | 19.1
Long Blades    | 3 5 6 7 9 11 12 13 14 15 16 | 16.9
Dodging        | 1 2 3 4 5 |  5.6
Stealth        | 1 2 3 |  3.9
Evocations     | 1 2 |  2.8
Invocations    | 1 2 |  2.4
Throwing       | |  0.1

Action                   |  1- 3 |  4- 6 |  7- 9 | 10-12 | 13-15 | 16-18 || total
-------------------------+-------+-------+-------+-------+-------+-------++-------
Melee: Long sword        |   103 |   253 |   227 |   462 |  1081 |    83 ||  2209
       Headbutt          |    10 |    50 |    50 |    86 |   227 |    25 ||   448
Throw: Throwing net      |       |       |     1 |       |       |       ||     1
Invok: Heroism           |       |       |       |     5 |    16 |       ||    21
       Finesse           |       |       |       |       |     1 |       ||     1
Evoke: Wand              |       |       |     2 |    23 |     5 |       ||    30
  Use: Scroll            |       |    11 |     2 |    11 |     7 |     3 ||    34
       Potion            |       |     2 |     2 |     3 |     3 |     1 ||    11
 Stab: Paralysed         |       |       |     5 |     2 |       |       ||     7
Armor: Scale mail        |    39 |    83 |    18 |       |       |       ||   140
       Acid dragon scale |       |       |    35 |       |       |       ||    35
       Plate armour      |       |       |    18 |   327 |   540 |    44 ||   929
Dodge: Dodged            |    41 |    81 |    81 |   217 |   301 |     7 ||   728
Block: Buckler           |    19 |    41 |    49 |     4 |       |       ||   113
       Kite shield       |       |       |       |   354 |    15 |       ||   369
       Tower shield      |       |       |       |       |  1241 |    66 ||  1307
